 Dungeon Crawl Stone Soup version 0.31.0-32-g396128a36d (webtiles) character file.

Game seed: 4993648892453728132

121 Gabide the Ruffian (level 4, 0/36 HPs)
             Began as a Demigod Shapeshifter on Mar 24, 2024.
             Slain by an iguana (11 damage)
             ... on level 6 of the Dungeon.
             The game lasted 00:07:20 (3127 turns).

Gabide the Ruffian (Demigod Shapeshifter)           Turns: 3127, Time: 00:07:20

Health: 0/36       AC:  3    Str: 22 (25) XL:     4   Next: 49%
Magic:  6/6        EV: 17    Int: 10 (12) God:
Gold:   193        SH:  0    Dex: 11 (13) Spells: 3/3 levels left

rFire   . .          .
                       - Unarmed
rCold   . . .        (no shield)
rNeg    . . .        g - +0 leather armour
rPois   .            (helmet currently unavailable)
rElec   .            (cloak currently unavailable)
rCorr   .            (gloves currently unavailable)
SInv    .            (boots currently unavailable)
Will    .....        (no amulet)
Stlth   +            j - +6 ring of strength
HPRegen 0.26/turn    p - +5 ring of evasion
MPRegen 0.10/turn

%: no passive effects
@: about to teleport, beast-form
A: beast (slay +1), high MP 1, forlorn, divine attributes
a: Begin Untransformation


You were on level 6 of the Dungeon.
You were a hulking beast.
You visited 1 branch of the dungeon, and saw 5 of its levels.

You collected 193 gold pieces.

Inventory:

Armour
 b - a +0 helmet
 f - a +0 pair of boots
 g - a +0 leather armour (worn)
Jewellery
 j - a +6 ring of strength (left hand)
 p - a +5 ring of evasion (right hand)
Talismans
 c - a beast talisman
 d - a flux talisman
Scrolls
 e - a scroll of poison
 o - 2 scrolls of immolation
 q - a scroll of teleportation
Potions
 h - a potion of resistance
 i - a potion of brilliance
 k - a potion of mutation
 l - a potion of attraction
 t - a potion of cancellation


   Skills:
 + Level 2.1 Fighting
 + Level 2.7 Dodging
 + Level 3.4 Unarmed Combat
 + Level 3.3 Shapeshifting


You had 3 spell levels left.
You didn't know any spells.
Your spell library contained the following spells:

 Spells                   Type           Power      Damage    Failure   Level
 Sandblast                Erth           0%         2d4       41%         1
 Ensorcelled Hibernation  Hex/Ice        0%         N/A       54%         2
 Call Canine Familiar     Summ           0%         N/A       78%         3
 Fugue of the Fallen      Necr           0%         N/A       78%         3
 Passwall                 Erth           0%         N/A       78%         3
 Sigil of Binding         Hex            0%         N/A       78%         3
 Stone Arrow              Conj/Erth      0%         3d7       78%         3
 Anguish                  Hex/Necr       0%         N/A       99%         4
 Brom's Barrelling Bould  Conj/Erth      0%         2d3       99%         4
 Dimensional Bullseye     Hex/Tloc       0%         N/A       99%         4


Dungeon Overview and Level Annotations

Branches:
Dungeon (4/15)
 Temple: D:4-7


Innate Abilities, Weirdness & Mutations

You are a hulking beast.
Your limbs bulge with bestial killing power. (Slay +1)
You have an increased reservoir of magic. (+10% MP)
You shall have no god before yourself.
Your divine heritage dramatically boosts your attributes as you level up.


Message History

You kill the orc!
Throw: dart (poison)
Press: ? - help, Q - select action Shift-Dir - straight line, f - iguana
Aim: an iguana (60% to hit)
You throw a poisoned dart.
The poisoned dart closely misses the iguana.
Unknown command.
Okay, then.
Okay, then.
p - a +5 ring of evasion (right hand)
Things that are here:
a +0 whip; an orc corpse You hit the iguana but do no damage.
The iguana bites you.
You closely miss the iguana. The iguana closely misses you.
You hit the iguana.
The iguana is lightly wounded.
The iguana misses you.
You barely miss the iguana.
The iguana is lightly wounded.
The iguana bites you but does no damage.
You hit the iguana.
The iguana is lightly wounded.
The iguana misses you.
You hit the iguana.
The iguana is heavily wounded.
The iguana bites you!
You closely miss the iguana.
The iguana is heavily wounded.
The iguana bites you but does no damage.
You hit the iguana but do no damage.
The iguana is heavily wounded.
The iguana completely misses you.
You hit the iguana.
The iguana is severely wounded.
The iguana bites you!
You are too injured to fight recklessly!
Okay, then.
As you read the scroll of teleportation, it crumbles to dust.
You feel strangely unstable. The iguana bites you!
You die...

##.###.##.##.##
#.##.##.#.................#
#.#...#........#####..##..#
#.........###..# #..#
#.......#.# #..# #..#
#>......#.# #..# #..## ..# .
#.......#.# #..# ##...#.... ..#
#.........###..# ##......#.
....#....((...lh...###).........
............#####............#.#
###..!....# ########...### #
######### #...... #######


You could see an iguana.

Vanquished Creatures
  Robin (D:3)
  2 adders (D:2)
  A shadow imp (D:6)
  A ribbon worm (D:2)
  A dart slug (D:1)
  6 orcs
  4 bats
  6 endoplasms
  2 giant cockroaches
  13 goblins
  7 hobgoblins
  3 quokkas
  4 ball pythons
  A frilled lizard (D:1)
  6 kobolds
  9 rats
67 creatures vanquished.

Notes
Turn   | Place    | Note
-------+----------+-------------------------------------------
     0 | D:1      | Gabide the Demigod Shapeshifter began the quest for the
                  | Orb.
     0 | D:1      | Reached XP level 1. HP: 15/15 MP: 3/3
    89 | D:1      | Reached skill level 1 in Fighting
   179 | D:1      | Reached XP level 2. HP: 23/23 MP: 4/4
  1227 | D:2      | Reached XP level 3. HP: 23/28 MP: 5/5
  2058 | D:3      | Noticed Robin
  2075 | D:3      | Reached XP level 4. HP: 36/36 MP: 6/6
  2085 | D:3      | Killed Robin
  3029 | D:4      | You fall into a shaft and drop 2 floors!
  3127 | D:6      | Slain by an iguana

Illustrated notes

Levels and vault maps discovered:
D:1:      dpeg_arrival_round_c, layout_basic,
          shapermc_ecumenical_altar_starsandcircs, minmay_tetromino_t2
D:2:      layout_basic
D:3:      layout_basic, uniq_robin
D:4:      layout_rooms, glass_columns_b, kennysheep_minor_cross, uniq_ijyb
D:6:      minmay_spotlight, layout_loops_ring, tso_metal_star

Skill      XL: |  1  2  3  4 |
---------------+-------------+-----
Fighting       | 1 2 |  2.1
Dodging        | 2 |  2.7
Unarmed Combat | 3 |  3.4
Shapeshifting  | 3 |  3.3

Action                     |  1- 3 |  4- 6 || total
---------------------------+-------+-------++-------
  Melee: Unarmed           |   150 |    57 ||   207
         Punch             |     4 |     1 ||     5
  Throw: Stone             |    15 |     4 ||    19
         Dart              |       |     3 ||     3
    Use: Scroll            |     4 |    11 ||    15
         Potion            |       |     3 ||     3
 Armour: Animal skin       |     8 |       ||     8
         Leather armour    |    51 |    40 ||    91
         Skin              |       |     3 ||     3
  Dodge: Dodged            |    81 |    35 ||   116
